 Dungeon Crawl Stone Soup version 0.28.0-53-g5a82cb258f (webtiles) character file.

Game seed: 10648551040403712341

133 EWolf27 the Ruffian (level 4, -3/45 HPs)
             Began as a Troll Berserker on Aug 3, 2022.
             Was a Believer of Trog.
             Slain by an orc
             ... wielding a +0 flail
              (8 damage)
             ... on level 3 of the Dungeon.
             The game lasted 00:04:24 (1757 turns).

EWolf27 the Ruffian (Troll Berserker)               Turns: 1757, Time: 00:04:25

Health: -3/45      AC:  4    Str: 25    XL:     4   Next: 94%
Magic:  3/3        EV: 10    Int:  5    God:    Trog [**....]
Gold:   124        SH:  0    Dex:  9    Spells: 3/3 levels left

rFire   . . .      SeeInvis .     - Unarmed
rCold   . . .      Faith    .   (no shield)
rNeg    . . .      Spirit   .   a - +0 animal skin
rPois   .          Reflect  .   (helmet restricted)
rElec   .          Harm     .   k - scarf {+Inv}
rCorr   .          Rampage  .   (gloves unavailable)
Will    .....                   (boots unavailable)
Stlth   +.........              (no amulet)
HPRegen 0.95/turn               (no ring)
MPRegen 0.08/turn               (no ring)

@: lethally poisoned (-3 -> -5), on berserk cooldown, slowed, very slow
A: large, unfitting armour, claws 3, regeneration 1, shaggy fur 1, tough skin 1
a: Renounce Religion, Evoke Invisibility, Berserk, Trog's Hand


You were on level 3 of the Dungeon.
You worshipped Trog.
Trog was pleased with you.
You visited 1 branch of the dungeon, and saw 3 of its levels.

You collected 124 gold pieces.

Inventory:

Hand Weapons
 b - a +0 club
Missiles
 e - 7 poisoned darts (quivered)
Armour
 a - a +0 animal skin (worn)
 k - a scarf of invisibility (worn)
Jewellery
 i - an amulet of faith
 m - a ring of flight
Scrolls
 d - a scroll of fear {unknown}
 f - 2 scrolls of enchant weapon {unknown}
 g - 3 scrolls of identify {unknown}
 j - a scroll of teleportation {unknown}
Potions
 c - 2 potions of heal wounds {unknown}
 h - a potion of haste {unknown}
 l - a potion of experience {unknown}


   Skills:
 + Level 3.0 Fighting
 + Level 3.2 Dodging
 + Level 4.5 Unarmed Combat


You had 3 spell levels left.
You didn't know any spells.
Your spell library was empty.

Dungeon Overview and Level Annotations

Branches:
Dungeon (3/15)

Altars:

Annotations:
D:3 2 runed translucent doors


Innate Abilities, Weirdness & Mutations

You are too large for most types of armour.
You have claws for hands.
Your natural rate of healing is unusually fast.
You are covered in fur. (AC +1)
You have tough skin. (AC +1)


Message History

You are poisoned.
The orc wizard mumbles some strange words.
The orc wizard flickers and vanishes!
Deactivating autopickup; reactivate with Ctrl-A.
The orc barely misses you.
Things that are here:
a +0 mace; a +0 leather armour You feel a strong urge to attack something.
You feel sick. The orc hits you with a +0 flail!
The orc wizard casts a spell at you. The puff of flame misses you.
You closely miss the orc.
You feel sick. The orc closely misses you.
You scratch the orc.
The orc is moderately wounded.
You feel sick. The orc hits you with a +0 flail.
* * * LOW HITPOINT WARNING * * *
The orc wizard hits you but does no damage.
You barely miss the orc.
The orc is moderately wounded.
You feel sick. The orc hits you but does no damage. The orc barely misses you.
You closely miss the orc.
The orc is moderately wounded.
You feel sick.
The orc wizard hits you but does no damage.
The orc hits you with a +0 war axe.
* * * LOW HITPOINT WARNING * * *
You mangle the orc!!
You kill the orc!
Trog accepts your kill.
You feel sick. The orc barely misses you.
The orc wizard hits you but does no damage.
You are more poisoned.
You feel sick.
Things that are here:
a +0 war axe; an orc corpse You feel a strong urge to attack something.
You are no longer berserk.
You are exhausted.
You feel yourself slow down.
You feel sick. The orc hits you with a +0 flail!
You die...

.....#............#
....>..#########..#
##....###.........#
##....##..≈...≈...#
#.....#...........#
#.....#⌠..........######
#.....#$................
#.#...##..≈..o)o.#
....).###......)@#
#......#########)#
##...#...........#
##.#######...#### ##.#
##.....## ##..##
##.......##
#....###.........#
.......'.........+
....##.#.........#


You could see an orc wizard and an orc.

Vanquished Creatures
  An orc priest (D:3)
  4 adders (D:2)
  2 dart slugs
  3 orcs (D:3)
  4 endoplasms
  2 giant cockroaches
  12 goblins
  4 hobgoblins
  2 jackals (D:1)
  5 quokkas
  5 ball pythons
  2 bats (D:1)
  6 frilled lizards
  5 kobolds
  4 rats
61 creatures vanquished.

Notes
Turn   | Place    | Note
-------+----------+-------------------------------------------
     0 | D:1      | EWolf27 the Troll Berserker began the quest for the Orb.
     0 | D:1      | Reached XP level 1. HP: 22/22 MP: 0/0
   224 | D:1      | Reached XP level 2. HP: 26/29 MP: 1/1
   477 | D:1      | Reached XP level 3. HP: 36/36 MP: 2/2
   478 | D:1      | Reached ** piety under Trog
  1169 | D:2      | Reached skill level 4 in Unarmed Combat
  1169 | D:2      | Reached XP level 4. HP: 30/44 MP: 3/3
  1570 | D:3      | Found a large runed translucent door.
  1571 | D:3      | Found a large runed translucent door.
  1757 | D:3      | Slain by an orc

Illustrated notes

Levels and vault maps discovered:
D:1:      lightli_arrival_maybe_door_vault, layout_rooms, minmay_heptomino_h4
D:2:      layout_loops_ring
D:3:      cheibrodos_pilgrimage, layout_loops_corners, jmf_multi_god_temple2,
          serial_shops, nicolae_shop_crystal

Skill      XL: |  1  2  3  4 |
---------------+-------------+-----
Dodging        | 3 |  3.2
Unarmed Combat | 4 |  4.5
Fighting       | 3 |  3.0

Action                   |  1- 3 |  4- 6 || total
-------------------------+-------+-------++-------
Melee: Unarmed           |   130 |    38 ||   168
       Punch             |     1 |       ||     1
Invok: Berserk           |       |     1 ||     1
Armor: Animal skin       |    44 |     9 ||    53
Dodge: Dodged            |    77 |    28 ||   105
